 Dungeon Crawl Stone Soup version 0.20.0-15-g7f486f2 (webtiles) character file.

13035 maniacrov the Cleaver (level 11, -5/160 HPs)
             Began as a Minotaur Berserker on June 13, 2017.
             Was a High Priest of Trog.
             Slain by a two-headed ogre
             ... wielding a cursed +0 giant club
              (12 damage)
             ... on level 2 of the Orcish Mines on June 14, 2017.
             The game lasted 00:46:35 (9237 turns).

maniacrov the Cleaver (Minotaur Berserker)          Turns: 9237, Time: 00:46:36

Health: -5/160     AC: 19    Str: 31    XL:     11   Next: 70%
Magic:  8/8        EV:  9    Int:  4    God:    Trog [*****.]
Gold:   1148       SH:  4    Dex:  9    Spells: 10/10 levels left

rFire    x . .     SeeInvis .   g - +2 war axe (elec)
rCold    + . .     Gourm    +   (no shield)
rNeg     . . .     Faith    .   b - +0 plate armour
rPois    +         Spirit   .   (helmet restricted)
rElec    .         Reflect  .   (no cloak)
rCorr    .         Harm     .   (no gloves)
MR       +....                  k - +2 pair of boots
Stlth    ..........             j - amulet of the gourmand
Regen    0.4/turn               s - ring of ice
MPRegen  0.2/turn               v - ring of poison resistance

@: berserking (expiring), marked, very quick
A: retaliatory headbutt, claws 1, horns 2, large bone plates 1, low mp 1, magic
resistance 1, evolution 1, subdued magic 1
a: Berserk, Trog's Hand, Brothers in Arms, Burn Spellbooks, Renounce Religion


You were on level 2 of the Orcish Mines.
You worshipped Trog.
Trog was extremely pleased with you.
You were very hungry.

You visited 2 branches of the dungeon, and saw 11 of its levels.
You also visited: Ossuary.

You collected 1148 gold pieces.

Inventory:

Hand Weapons
 a - the +9 long sword "Binuyre" {flame, Dex+4, unknown}
   (You found it on level 9 of the Dungeon)

   It has been specially enchanted to burn those struck by it, causing extra
   injury to most foes and up to half again as much damage against particularly
   susceptible opponents.
   Big, fiery blades are also staple armaments of hydra-hunters.
   It affects your dexterity (+4).
 d - a +1 war axe of freezing
 f - a +0 battleaxe
 g - a +2 war axe of electrocution (weapon)
Armour
 b - a +0 plate armour (worn)
 k - a +2 pair of boots (worn)
Jewellery
 j - an amulet of the gourmand (around neck)
 s - a ring of ice (left claw)
 v - a ring of poison resistance (right claw)
Wands
 e - a wand of iceblast (10/15)
 l - a wand of enslavement (13/24)
Scrolls
 i - 3 scrolls of recharging
 q - a scroll of fog
 t - 3 scrolls of teleportation
 u - a scroll of random uselessness
 w - 2 scrolls of remove curse
Potions
 o - 3 potions of agility
Comestibles
 c - 7 bread rations
 m - 4 meat rations
 x - 5 royal jellies


   Skills:
 + Level 13.1 Fighting
 + Level 13.2 Axes
 + Level 12.9 Armour
 - Level 2.4 Dodging


You had 10 spell levels left.
You didn't know any spells.

Dungeon Overview and Level Annotations

Branches:
Dungeon (9/15)             Temple (0/1) D:4             Orc (2/2) D:9
    Elf (0/3) Orc:2
   Lair: D:8-11

Altars:
Ashenzari
Cheibriados
Dithmenos
Fedhas
Hepliaklqana
Kikubaaqudgha
Nemelex Xobeh
Okawaru
Qazlal
Trog
Uskayaw
Xom
Beogh

Shops:
D:5 (   D:9 :   Orc:2 :[=


Innate Abilities, Weirdness & Mutations

You reflexively headbutt those who attack you in melee.
You have a pair of horns on your head.
You have sharp fingernails.
You are partially covered in large bone plates. (SH +4)
Your magical capacity is low. (-10% MP)
You are resistant to hostile enchantments. (MR+)
You evolve.
Your spells are a little easier to cast, but a little less powerful.


Message History

You headbutt the two-headed ogre!
The two-headed ogre hits you with a giant club!
* * * LOW HITPOINT WARNING * * *
A two-headed ogre comes into view. It is wielding two giant clubs.
You slash the two-headed ogre!
Lightning courses through the two-headed ogre!
The two-headed ogre is heavily wounded.
You barely miss the two-headed ogre. You block the two-headed ogre's attack.
The two-headed ogre hits you with a giant club!
* * * LOW HITPOINT WARNING * * *
An orc warrior comes into view. It is wielding a long sword.
You are too berserk!
You slash the two-headed ogre!
Lightning courses through the two-headed ogre!
You feel the power of Trog in you as your rage grows.
You kill the two-headed ogre!
Trog accepts your kill.
You hit the two-headed ogre.
The two-headed ogre hits you with a giant club!
You die...

.# .O..# ##. ..#.
###...###... ...
##....##..... ...#. #.#
#....O.......
...##.##.o##...........#
...........oT....#.....#
....#......o...O)(....#
...#......._....@...###.
...............)).......
........................
......................#.
...............#...####
................#.##
...............#### ###
..............## #####.##
..............####.##...#


You could see 3 two-headed ogres, a troll, an orc warrior and 2 orc priests.

Vanquished Creatures
  A stone giant (Orc:2)
  Erica (D:9)
  3 two-headed ogres (Orc:2)
  An orc knight (Orc:1)
  7 trolls
  Grinder (D:4)
  3 yaks
  3 hogs (D:8)
  A human (D:8)
  A hungry ghost (D:9)
  A warg (Orc:1)
  A water moccasin (D:9)
  A swamp drake (D:9)
  8 orc warriors
  5 sky beasts
  3 ice beasts
  2 wolves (D:9)
  An eye of draining (D:9)
  2 phantoms
  A black bear (D:8)
  9 ogres
  A centaur (D:8)
  A crocodile (D:8)
  A big kobold (D:7)
  2 bullfrogs
  A water moccasin zombie (D:7)
  2 scorpions
  4 killer bees (D:7)
  4 wights (D:8)
  4 electric eels (D:9)
  A bullfrog zombie (D:9)
  A howler monkey (D:5)
  11 orc wizards
  3 crimson imps
  A gnoll shaman (D:5)
  16 orc priests
  A centaur skeleton (D:6)
  6 hounds
  2 bullfrog skeletons
  An iguana (D:6)
  4 worker ants
  A killer bee zombie (D:9)
  2 centaur simulacra (D:9)
  A hound zombie (D:6)
  A hound skeleton (D:6)
  8 mummies (Ossuary)
  4 gnolls (D:5)
  4 adders
  A hound simulacrum (D:9)
  3 shadow imps
  2 white imps (D:9)
  An ufetubus (D:9)
  2 oozes
  An adder zombie (D:7)
  6 worms
  A dart slug (D:2)
  An adder simulacrum (D:9)
  2 leopard geckos
  49 orcs
  8 bats
  3 giant cockroaches
  7 goblins
  7 hobgoblins
  7 jackals
  16 kobolds
  A quokka (D:4)
  2 ball pythons (D:3)
  5 frilled lizards
  A gnoll zombie (Ossuary)
  A hobgoblin zombie (Ossuary)
  4 kobold zombies (Ossuary)
  2 orc zombies (Ossuary)
  5 rats
282 creatures vanquished.

Vanquished Creatures (collateral kills)
  An ugly thing (D:9)
  A cyclops (Orc:1)
  An ogre (Orc:1)
  2 electric eels (D:9)
5 creatures vanquished.

Vanquished Creatures (others)
  An orc (D:9)
  2 fungi (D:9)
  A plant (D:9)
4 creatures vanquished.

Grand Total: 291 creatures vanquished

Notes
Turn   | Place    | Note
-------+----------+-------------------------------------------
     0 | D:1      | maniacrov the Minotaur Berserker began the quest for the Orb.
     0 | D:1      | Reached XP level 1. HP: 19/19 MP: 0/0
   253 | D:1      | Reached XP level 2. HP: 24/27 MP: 1/1
   439 | D:1      | Reached ** piety under Trog
   484 | D:1      | Reached XP level 3. HP: 26/34 MP: 2/2
  1482 | D:3      | Reached XP level 4. HP: 37/41 MP: 3/3
  1871 | D:3      | Reached *** piety under Trog
  2113 | D:4      | Found a staircase to the Ecumenical Temple.
  2129 | D:4      | Noticed Grinder
  2129 | D:4      | Paralysed by Grinder for 3 turns
  2144 | D:4      | Killed Grinder
  2144 | D:4      | Reached skill level 5 in Fighting
  2144 | D:4      | Reached skill level 5 in Axes
  2144 | D:4      | Reached XP level 5. HP: 49/49 MP: 4/4
  2144 | D:4      | Reached XP level 6. HP: 56/56 MP: 5/5
  2589 | D:4      | Reached skill level 5 in Armour
  2765 | D:5      | Entered Level 5 of the Dungeon
  2840 | D:5      | Noticed a sky beast
  2850 | D:5      | Killed a sky beast
  2850 | D:5      | Reached XP level 7. HP: 8/64 MP: 6/6
  3529 | D:5      | Found Mehiv's Antique Weapon Boutique.
  3768 | D:6      | Received a gift from Trog
  3867 | D:6      | Reached XP level 8. HP: 70/73 MP: 7/7
  3959 | D:6      | Got a twisted leather armour
  3960 | D:6      | Identified the cursed +0 leather armour "Weonugam" {-Cast Str+2 SInv} (You found it on level 6 of the Dungeon)
  4000 | D:6      | Found an iron altar of Okawaru.
  4652 | D:7      | Found a sand-covered staircase.
  4668 | Ossuary  | Entered an ossuary
  4700 | Ossuary  | Reached **** piety under Trog
  4858 | Ossuary  | Gained mutation: You are resistant to hostile enchantments. (MR+) [potion of mutation]
  4858 | Ossuary  | Gained mutation: You do not regenerate when monsters are visible. [potion of mutation]
  4858 | Ossuary  | Gained mutation: Your spells are a little easier to cast, but a little less powerful. [potion of mutation]
  4858 | Ossuary  | Gained mutation: You evolve. [potion of mutation]
  5414 | D:7      | Reached XP level 9. HP: 64/82 MP: 8/8
  6062 | D:8      | Reached skill level 10 in Axes
  6151 | D:8      | Reached skill level 10 in Fighting
  6534 | D:8      | Lost mutation: You do not regenerate when monsters are visible. [evolution]
  6733 | D:8      | Reached skill level 10 in Armour
  7218 | D:9      | Reached XP level 10. HP: 65/94 MP: 9/9
  7285 | D:9      | Found a bloodstained altar of Trog.
  7286 | D:9      | Found an ancient bone altar of Kikubaaqudgha.
  7290 | D:9      | Found a hazy altar of Hepliaklqana.
  7307 | D:9      | Found Bostaceg's Book Shop.
  7466 | D:9      | Reached ***** piety under Trog
  7647 | D:9      | Gained mutation: Your magical capacity is low. (-10% MP) [mutagenic meat]
  7648 | D:9      | Gained mutation: You have sharp fingernails. [mutagenic meat]
  7650 | D:9      | Gained mutation: You are partially covered in large bone plates. (SH +4) [mutagenic meat]
  7758 | D:9      | Found a shimmering altar of Xom.
  7766 | D:9      | Found a shattered altar of Ashenzari.
  7768 | D:9      | Found a sparkling altar of Nemelex Xobeh.
  7768 | D:9      | Found a blossoming altar of Fedhas.
  7768 | D:9      | Found a stormy altar of Qazlal.
  7769 | D:9      | Found a hide-covered altar of Uskayaw.
  7770 | D:9      | Found a shadowy altar of Dithmenos.
  7771 | D:9      | Found a snail-covered altar of Cheibriados.
  7829 | D:9      | Got an iridescent long sword
  7964 | D:9      | Noticed Erica
  7978 | D:9      | Killed Erica
  7999 | D:9      | Noticed a green ugly thing
  8005 | D:9      | Killed a green ugly thing
  8216 | D:9      | Found a staircase to the Orcish Mines.
  8236 | D:9      | Received a gift from Trog
  8561 | Orc:1    | Entered Level 1 of the Orcish Mines
  8561 | Orc:1    | Noticed an orc knight
  8561 | Orc:1    | Noticed a cyclops
  8570 | Orc:1    | Killed a cyclops
  8572 | Orc:1    | Killed an orc knight
  8572 | Orc:1    | Reached XP level 11. HP: 104/104 MP: 8/8
  8989 | Orc:2    | Entered Level 2 of the Orcish Mines
  8989 | Orc:2    | Found Dick's Book Boutique.
  8989 | Orc:2    | Found a staircase to the Elven Halls.
  9007 | Orc:2    | Received a gift from Trog
  9026 | Orc:2    | Found Poaqatoh's Armour Shop.
  9130 | Orc:2    | Found Ywos's Jewellery Shop.
  9178 | Orc:2    | Found a roughly hewn altar of Beogh.
  9200 | Orc:2    | Noticed a two-headed ogre
  9208 | Orc:2    | Killed a two-headed ogre
  9217 | Orc:2    | Noticed a stone giant
  9222 | Orc:2    | Noticed a two-headed ogre
  9222 | Orc:2    | Noticed an ogre mage
  9225 | Orc:2    | Noticed a two-headed ogre
  9227 | Orc:2    | Noticed a two-headed ogre
  9227 | Orc:2    | Killed a stone giant
  9231 | Orc:2    | Noticed a two-headed ogre
  9234 | Orc:2    | Killed a two-headed ogre
  9236 | Orc:2    | Noticed a two-headed ogre
  9236 | Orc:2    | HP: 6/160 [two-headed ogre/giant club (11)]
  9237 | Orc:2    | Killed a two-headed ogre
  9237 | Orc:2    | Slain by a two-headed ogre

Skill      XL: |  1  2  3  4  5  6  7  8  9 10 11 |
---------------+----------------------------------+-----
Fighting       | 4 5 6 7 8 10 12 13 | 13.1
Axes           | 4 5 6 7 9 10 12 13 | 13.2
Armour         | 3 4 5 6 8 10 11 12 | 12.9
Dodging        | |  2.4

Action                   |  1- 3 |  4- 6 |  7- 9 | 10-12 || total
-------------------------+-------+-------+-------+-------++-------
Melee: Hand axe          |    81 |    78 |   171 |       ||   330
       Headbutt          |     9 |    13 |    58 |    39 ||   119
       War axe           |       |       |    99 |   225 ||   324
Invok: Burn Spellbooks   |     1 |       |       |       ||     1
       Berserk           |       |     2 |     3 |     4 ||     9
       Trog's Hand       |       |       |     1 |       ||     1
       Brothers in Arms  |       |       |       |     2 ||     2
  Use: Scroll            |     3 |     1 |    13 |     4 ||    21
       Potion            |       |     2 |    11 |     6 ||    19
 Stab: Confused          |       |       |       |     2 ||     2
  Eat: Meat ration       |     1 |       |     2 |     1 ||     4
       Bread ration      |       |     3 |       |     1 ||     4
       Fruit             |       |     1 |     1 |       ||     2
       Chunk             |       |       |       |     4 ||     4
       Royal jelly       |       |       |       |     1 ||     1
Armor: Animal skin       |    10 |       |       |       ||    10
       Leather armour    |     4 |    30 |    25 |       ||    59
       Ring mail         |       |       |     4 |       ||     4
       Scale mail        |       |       |    31 |     6 ||    37
       Chain mail        |       |       |       |    64 ||    64
       Plate armour      |       |       |       |    35 ||    35
Dodge: Dodged            |    55 |    70 |   168 |    73 ||   366
Block: Other             |       |       |       |    27 ||    27
